 Dungeon Crawl Stone Soup version 0.31.0 (webtiles) character file.

Game seed: 11818443458053283946

35 qw the Shooter (level 3, -1/22 HPs)
             Began as a Gargoyle Hunter on Jan 19, 2024.
             Slain by Robin
             ... wielding a +0 spear
              (5 damage)
             ... on level 2 of the Dungeon.
             The game lasted 00:00:02 (612 turns).

qw the Shooter (Gargoyle Hunter)                     Turns: 612, Time: 00:00:02

Health: -1/22      AC:  8    Str: 14    XL:     3   Next: 35%
Magic:  3/3        EV: 11    Int:  9    God:
Gold:   25         SH:  0    Dex: 15    Spells: 2/2 levels left

rFire   . . .        a - +0 shortbow
rCold   . . .        (shield currently unavailable)
rNeg    + . .        c - +0 leather armour
rPois   inf          (no helmet)
rElec   +            (no cloak)
rCorr   .            f - +0 pair of gloves
SInv    .            e - +0 pair of boots
Will    .....        (no amulet)
Stlth   ++           (no ring)
HPRegen 0.23/turn    (no ring)
MPRegen 0.08/turn

%: no passive effects
@: no status effects
A: sickness immunity, AC +3, negative energy resistance 1, electricity
resistance, torment resistance 1, petrification resistance
a: no special abilities


You were on level 2 of the Dungeon.
You visited 1 branch of the dungeon, and saw 2 of its levels.

You collected 25 gold pieces.


Innate Abilities, Weirdness & Mutations

You are immune to sickness and miasma.
Your stone body is resilient. (AC +3)
You are immune to poison.
You resist negative energy. (rN+)
You are resistant to electric shocks. (rElec)
You are resistant to unholy torment.
You are immune to petrification.


   Skills:
 + Level 2.5 Fighting
 - Level 5.0 Ranged Weapons
 - Level 1.5 Dodging
 - Level 1.1 Stealth


You had 2 spell levels left.
You didn't know any spells.
Your spell library was empty.

Inventory:

Hand Weapons
 a - a +0 shortbow (weapon)
Armour
 c - a +0 leather armour (worn)
 e - a +0 pair of boots (worn)
 f - a +0 pair of gloves (worn)
Scrolls
 b - a scroll of identify {unknown}
Potions
 d - a potion of attraction {unknown}
 g - a potion of heal wounds {unknown}
 h - a potion of mutation {unknown}

Dungeon Overview and Level Annotations

Branches:
Dungeon (2/15)

Altars:

Annotations:
D:2 Robin


Message History

The goblin hits you but does no damage. x2
You shoot an arrow. The arrow hits the goblin!
You kill the goblin!
Robin hits you but does no damage. The goblin misses you.
The goblin hits you but does no damage. x2; The hobgoblin closely misses you.
You shoot an arrow. The arrow hits the hobgoblin.
The hobgoblin is severely wounded.
Robin roars a battlecry!
The goblins go into a battle-frenzy!
A hobgoblin comes into view.
The goblin hits you with a +0 dagger. The goblin closely misses you.
The goblin hits you but does no damage. The hobgoblin closely misses you.
The hobgoblin hits you but does no damage.
You shoot an arrow. The arrow hits the hobgoblin.
You kill the hobgoblin!
The goblin hits you but does no damage. The goblin barely misses you.
A goblin comes into view. It is wielding a +0 club.
Robin throws the goblin at you! The goblin barely misses you.
The hobgoblin barely misses you.
You shoot an arrow. The arrow hits the hobgoblin.
The hobgoblin is severely wounded.
The hobgoblin closely misses you. The goblin hits you with a +0 club.
The goblin misses you.
Robin hits you from afar with a +0 spear.
The goblin barely misses you. x2
The hobgoblin hits you but does no damage.
You shoot an arrow. The arrow closely misses the hobgoblin.
The arrow barely misses Robin.
The hobgoblin hits you but does no damage.
Robin laughs in a distinctly smug fashion.
Robin barely misses you. The goblin hits you with a +0 club.
The goblin barely misses you. The goblin hits you with a +0 dagger.
The hobgoblin hits you but does no damage.
The goblin closely misses you.
You shoot an arrow.
The arrow hits the hobgoblin but does no damage.
The hobgoblin is severely wounded.
Robin hits you from afar with a +0 spear.
You die...
Robin calls out, "Let's celebrate!
Time for a feast!"

###.## #.......
#####........
#.........#.##
#............
#.........#.#
#.........#g#.###
#.......ggg))...#
#....%..g@#
#.<.....gg#
#.......>.#
#.........#
####....###
#....# ####.# #.#
#..


You could see Robin, 2 hobgoblins and 4 goblins.

Vanquished Creatures
  A ribbon worm (D:2)
  2 ball pythons (D:1)
  2 endoplasms (D:1)
  A giant cockroach (D:1)
  7 goblins
  3 hobgoblins
  6 bats (D:1)
  3 frilled lizards (D:1)
  3 kobolds (D:1)
  3 rats (D:1)
31 creatures vanquished.

Notes
Turn   | Place    | Note
-------+----------+-------------------------------------------
     0 | D:1      | qw the Gargoyle Hunter began the quest for the Orb.
     0 | D:1      | Reached XP level 1. HP: 12/12 MP: 1/1
     0 | D:1      | 0 ||| qw: Version: 0.3-a-132-g3d54051
     0 | D:1      | 0 ||| qw: Game counter: 104
     0 | D:1      | 0 ||| qw: Melee chars always use a shield: true
     0 | D:1      | 0 ||| qw: God list: Okawaru
     0 | D:1      | 0 ||| qw: Allow faded altars: false
     0 | D:1      | 0 ||| qw: Do Orc after clearing Dungeon:15 true
     0 | D:1      | 0 ||| qw: Do second Lair branch before Depths: true
     0 | D:1      | 0 ||| qw: Lair rune preference: random
     0 | D:1      | 0 ||| qw: Goals: Normal
     0 | D:1      | 0 ||| PLANNING D:1-11
    97 | D:1      | Reached XP level 2. HP: 17/17 MP: 2/2
   450 | D:1      | Reached XP level 3. HP: 21/21 MP: 3/3
   525 | D:1      | 525 ||| UPGRADING to +0 pair of boots.
   530 | D:1      | 530 ||| UPGRADING to +0 pair of gloves.
   535 | D:1      | 535 ||| READING scroll labelled XUWIEPSUCWA.
   536 | D:1      | 536 ||| DROPPING scroll of butterflies.
   585 | D:2      | Reached skill level 5 in Ranged Weapons
   602 | D:2      | Noticed Robin
   611 | D:2      | HP: 4/22 [goblin/+0 dagger[Robin] (3)]
   612 | D:2      | Slain by Robin

Levels and vault maps discovered:
D:1:      nzn_arrival_settlement, layout_loops_ring
D:2:      layout_loops_cross, grunt_ministairs_15, kennysheep_pointless_box,
          uniq_robin

Skill      XL: |  1  2  3 |
---------------+----------+-----
Ranged Weapons | 5 |  5.0
Fighting       | |  2.5
Dodging        | |  1.5
Stealth        | |  1.1

Action                     || total
---------------------------++-------
   Fire: Shortbow          ||    82
    Use: Scroll            ||     1
 Armour: Leather armour    ||    53
  Dodge: Dodged            ||    59

Table legend:
 A = Non-vault XP
 B = Vault XP
 C = Vault XP percentage of total XP
 D = Non-vault monster count
 E = Vault monster count
 F = Vault count percentage of total count
                 A         B        C        D         E       F
            +---------+---------+-------+---------+---------+-------
      Total |      39 |      12 |  23.5 |      25 |       6 |  19.4
            +---------+---------+-------+---------+---------+-------
        D:1 |      35 |       0 |   0.0 |      24 |       0 |   0.0
        D:2 |       4 |      12 |  75.0 |       1 |       6 |  85.7
            +---------+---------+-------+---------+---------+-------
